AoeStats
← Torment4h

MegaRandom

506277378Analyzed
1v1 RM · 18d ago on Sep 13, 2026· 58m 46s· 2 players
Game mode
Random Map
Map size
Tiny (2 player)
Population
200
Speed
Normal
Resources
Standard
Victory
Conquest
Starting age
Dark Age
Ending age
Imperial Age
RankedLock teamsTeams togetherTeam positionsShared explorationLock speedFull tech treeHidden civsTurbo modeCheats
Victory
Defeat
🇺🇸 Wei · United States
858
+16
🇲🇽 Sicilians · Mexico
865
-40
Rossayyyy
9:47 Loom
12:23 Feudal Age
14:08 Horse Collar
14:28 Double-Bit Axe
21:02 Castle Age
20:26 Fletching
20:59 Bloodlines
21:33 Gold Mining
24:07 Fervor
23:54 Pikeman
24:35 Squires
24:21 Arson
26:47 Forging
26:37 Scale Mail Armor
26:34 Bodkin Arrow
28:20 Husbandry
31:30 Iron Casting
31:02 Scale Barding Armor
32:46 Ballistics
32:23 Murder Holes
34:04 Chain Barding Armor
33:53 Light Cavalry
35:09 Bow Saw
35:03 Heavy Plow
35:41 Chain Mail Armor
35:23 Town Watch
36:15 Wheelbarrow
37:54 Stone Mining
43:04 Imperial Age
46:01 Blast Furnace
44:27 Capped Ram
44:52 Heavy Hei Guang Cavalry
45:39 Guard Tower
46:01 Masonry
46:53 Chemistry
45:37 Treadmill Crane
46:38 Siege Ram
48:33 Keep
49:21 Conscription
49:54 Gold Shaft Mining
49:55 Stone Shaft Mining
51:52 Hoardings
51:46 Ming Guang Armor
51:07 Elite Tiger Cavalry
52:47 Bracer
54:38 Halberdier
Torment4h
3:00 Loom
11:54 Feudal Age
12:28 Double-Bit Axe
16:49 Horse Collar
19:51 Scale Barding Armor
20:03 Gold Mining
22:22 Castle Age
21:20 Forging
22:17 Bloodlines
22:36 Scale Mail Armor
23:35 Husbandry
22:58 Light Cavalry
26:50 Chain Barding Armor
26:46 Chain Mail Armor
29:47 Wheelbarrow
32:12 Hand Cart
31:42 Town Watch
33:35 Gold Shaft Mining
32:51 Stone Mining
33:49 Elite Skirmisher
34:43 Town Patrol
35:54 Iron Casting
35:20 Padded Archer Armor
40:19 Imperial Age
38:30 Stone Shaft Mining
38:45 Ballistics
42:33 Heavy Scorpion
46:41 Elite Serjeant
47:22 Capped Ram
50:08 Blast Furnace
49:38 Plate Mail Armor
49:43 Plate Barding Armor
50:28 Pikeman
51:54 Halberdier
Connection lost

Rejoining the realm…

Still unreachable

The connection could not be restored.

Session expired

The server has moved on; the page needs a fresh start.